 Dungeon Crawl Stone Soup version 0.27.1-2-g3b301248ec (webtiles) character file.

Game seed: 16140139501017633030

666 worthlessgem the Magician (level 7, -1/49 HPs)
             Began as a Djinni Warper on Sept 23, 2021.
             Slain by Purgy the swamp dragon (3 damage)
             ... on level 4 of the Dungeon.
             The game lasted 00:36:24 (9130 turns).

worthlessgem the Magician (Djinni Warper)           Turns: 9130, Time: 00:36:24

Health: -1/49      AC:  4    Str: 10    XL:     7   Next: 88%
Gold:   225        EV: 11    Int: 16    God:
                   SH:  0    Dex: 13

rFire    + + .     SeeInvis .   a - +2 dagger (venom)
rCold    x . .     Faith    .   (no shield)
rNeg     . . .     Spirit   .   b - +1 leather armour
rPois    ∞         Reflect  .   (no helmet)
rElec    .         Harm     .   (no cloak)
rCorr    .         Rampage  .   (no gloves)
Will     .....                  (boots unavailable)
Stlth    ++........             (no amulet)
HPRegen  0.16/turn              (no ring)
MPRegen  0.00/turn              (no ring)

@: flying
A: sickness immunity, fire resistance 2, cold vulnerability 1, float, innate
caster, hp casting, extra vitality 1
a: no special abilities


You were on level 4 of the Dungeon.
You visited 1 branch of the dungeon, and saw 5 of its levels.

You collected 225 gold pieces.

Inventory:

Hand Weapons
 a - a +2 dagger of venom (weapon)
 d - a +1 falchion
 e - a +2 short sword of draining
Missiles
 f - 78 stones (quivered)
 h - 5 boomerangs of dispersal
 n - 35 sling bullets
Armour
 b - a +1 leather armour (worn)
 l - a +0 kite shield
Jewellery
 i - a +6 ring of intelligence
 o - a ring of fire
Wands
 t - a wand of polymorph (3)
Scrolls
 c - a scroll of blinking
 m - a scroll of identify
 q - 3 scrolls of teleportation {unknown}
 s - 2 scrolls of enchant armour
Potions
 g - a potion of brilliance
 j - a potion of curing {unknown}
 k - a potion of lignification {unknown}
 r - a potion of resistance {unknown}
 u - a potion of magic {unknown}


   Skills:
 - Level 2.0 Fighting
 - Level 2.2(2.9) Short Blades
 - Level 2.7(3.1) Long Blades
 - Level 0.7 Throwing
 - Level 1.0 Armour
 - Level 2.1 Dodging
 - Level 2.0 Stealth
 + Level 5.6 Spellcasting


You couldn't memorise any spells.
You knew the following spells:

 Your Spells              Type           Power      Damage    Failure   Level
a - Blink                 Tloc           N/A        N/A       3%          2
b - Lesser Beckoning      Tloc           11%        N/A       6%          3
c - Gell's Gravitas       Tloc           11%        N/A       6%          3
d - Teleport Other        Tloc           22%        N/A       6%          3
e - Manifold Assault      Tloc           22%        N/A       47%         5
f - Magic Dart            Conj           88%        1d7       1%          1
g - Passwall              Tmut/Erth      18%        N/A       3%          2
h - Ignite Poison         Fire/Tmut/Pois 22%        N/A       6%          3
Your spell library was empty.

Dungeon Overview and Level Annotations

Branches:
Dungeon (5/15)
 Temple: D:4-7

Altars:

Shops:
D:2 (

Annotations:
D:4 Purgy
D:5 1 transporter, exclusion: gnoll, Pikel


Innate Abilities, Weirdness & Mutations

You are immune to sickness and miasma.
You are immune to poison.
Your flesh is very heat resistant. (rF++)
You are vulnerable to cold. (rC-)
You float through the air rather than walking.
You learn spells naturally, not from books.
Your magical power is your life essence.
You have superior vitality. (+4 HP)


Message History

The magic dart hits Purgy.
Flame seeps out of Purgy.
Purgy is lightly wounded.
Purgy is engulfed in blazing flames.
Flame seeps out of Purgy.
Casting: Magic Dart (safe; 1% risk of failure)
Confirm with . or Enter, or press ? or * to list all spells.
Aiming: Magic Dart (safe; 1% risk of failure)
Press: ? - help, Shift-Dir - straight line, f/p - Purgy
Aim: Purgy the swamp dragon (moderately wounded, inner flame, 100% to hit)
The magic dart hits Purgy but does no damage.
Purgy is moderately wounded.
Casting: Magic Dart (safe; 1% risk of failure)
Confirm with . or Enter, or press ? or * to list all spells.
Aiming: Magic Dart (safe; 1% risk of failure)
Press: ? - help, Shift-Dir - straight line, f/p - Purgy
Aim: Purgy the swamp dragon (moderately wounded, inner flame, 100% to hit)
The magic dart hits Purgy but does no damage.
Purgy is moderately wounded.
Casting: Magic Dart (safe; 1% risk of failure)
Confirm with . or Enter, or press ? or * to list all spells.
Aiming: Magic Dart (safe; 1% risk of failure)
Press: ? - help, Shift-Dir - straight line, f/p - Purgy
Aim: Purgy the swamp dragon (moderately wounded, inner flame, 100% to hit)
The magic dart hits Purgy.
Flame seeps out of Purgy.
Purgy is moderately wounded.
Purgy is engulfed in blazing flames.
Flame seeps out of Purgy.
Purgy bites you. Purgy claws you.
* * * LOW HITPOINT WARNING * * *
Purgy barely misses you.
Okay, then.
Purgy breathes poison at you.
The blast of poison engulfs you but does no damage.
You resist.
Your +2 dagger of venom begins to drip with poison!
a - a +2 dagger of venom (weapon)
You closely miss Purgy.
Purgy is moderately wounded.
Purgy bites you!
* * * LOW HITPOINT WARNING * * *
Purgy claws you.
You die...

*,*
#.#*****#....,*
*,*
#.#,,,,,......*
*,*
#.#,***#......#
*,* #.#,*
#......# *,*
#.#,* *,,,,,,*
*,* #.#,*
*,*'**,* *,*
#.#,* *,*,**,*
*,* #D#,*
*,*,**,* *,*
#@#,* *,*,**,*
*,* #.#,*
*,*,**,* *,*
#.#>* *,*,**,*
*,*
#.#,****,*,**,*
*,*
#.#,,,,,,*,**,*
*,*
#.#*****,*,**,*
*,*
#.#*****,,,,,,*
*,*
#<.,,,,,,*,****
*,*************,*


You could see Purgy the swamp dragon (inner flame).

Vanquished Creatures
  Sigmund (D:4)
  Duvessa (D:4)
  2 necrophages (D:4)
  A lemure (D:4)
  Dowan (D:4)
  A hound (D:2)
  An iguana (D:5)
  An orc wizard (D:2)
  3 adders
  An ufetubus (D:3)
  4 worms (D:2)
  4 orcs (D:2)
  7 bats
  3 endoplasms
  2 giant cockroaches
  5 goblins
  8 hobgoblins
  6 kobolds
  3 quokkas
  7 ball pythons
  2 frilled lizards (D:2)
  4 rats
68 creatures vanquished.

Notes
Turn   | Place    | Note
-------+----------+-------------------------------------------
     0 | D:1      | worthlessgem the Djinni Warper began the quest for the Orb.
     0 | D:1      | Reached XP level 1. HP: 18/18 MP: 0/0
   674 | D:1      | Reached XP level 2. HP: 20/23 MP: 0/0
  1736 | D:2      | Reached XP level 3. HP: 26/28 MP: 0/0
  1736 | D:2      | Learned a level 1 spell: Magic Dart
  1957 | D:2      | Reached skill level 3 in Spellcasting
  2879 | D:2      | Reached XP level 4. HP: 30/33 MP: 0/0
  3079 | D:2      | Found Fiash's Weapon Shop.
  3949 | D:3      | Reached XP level 5. HP: 28/38 MP: 0/0
  3949 | D:3      | Learned a level 2 spell: Passwall
  4316 | D:2      | Reached skill level 4 in Spellcasting
  5011 | D:4      | Noticed Sigmund
  5029 | D:4      | Killed Sigmund
  5030 | D:4      | Reached XP level 6. HP: 43/43 MP: 0/0
  5460 | D:4      | Noticed Dowan
  5460 | D:4      | Noticed Duvessa
  5565 | D:5      | Entered Level 5 of the Dungeon
  5812 | D:5      | Noticed an ogre
  5932 | D:5      | Found a transporter.
  6191 | D:5      | Noticed Pikel
  6353 | D:4      | Killed Dowan
  6354 | D:4      | Reached skill level 1 in Stealth
  6354 | D:4      | Reached XP level 7. HP: 27/49 MP: 0/0
  6354 | D:4      | Learned a level 3 spell: Ignite Poison
  6509 | D:4      | Killed Duvessa
  6510 | D:4      | Reached skill level 5 in Spellcasting
  7414 | D:4      | Noticed Purgy
  9035 | D:4      | Purgy changed into something unseen
  9042 | D:4      | Noticed Purgy
  9043 | D:4      | Noticed Purgy
  9043 | D:4      | Purgy the harpy changed into Purgy the swamp dragon
  9130 | D:4      | HP: 2/49 [Purgy the swamp dragon (13)]
  9130 | D:4      | Slain by Purgy the swamp dragon

Illustrated notes

Levels and vault maps discovered:
D:1:      co_arrival_square_in_a_square_in_a_square, layout_loops_corners
D:2:      cheibrodos_helix_gallery, layout_loops_ring, serial_shops, shop
D:3:      layout_rooms, kennysheep_generic_room_15, uniq_grinder
D:4:      layout_basic, uniq_duvessa, uniq_purgy, uniq_sigmund
D:5:      layout_rooms, gammafunk_ghost_mausoleum, uniq_edmund, uniq_pikel

Skill      XL: |  1  2  3  4  5  6  7 |
---------------+----------------------+-----
Long Blades    | 2 |  2.7
Spellcasting   | 3 4 5 |  5.6
Short Blades   | 2 |  2.2
Stealth        | 1 2 |  2.0
Fighting       | |  2.0
Throwing       | |  0.7
Armour         | |  1.0
Dodging        | |  2.1

Action                   |  1- 3 |  4- 6 |  7- 9 || total
-------------------------+-------+-------+-------++-------
Melee: Falchion          |    56 |    69 |       ||   125
       Dagger            |       |    40 |     4 ||    44
       Short sword       |       |       |    27 ||    27
Throw: Stone             |    15 |       |     1 ||    16
 Cast: Magic Dart        |    36 |    61 |    31 ||   128
       Blink             |     4 |       |    10 ||    14
       Teleport Other    |       |    14 |     3 ||    17
       Passwall          |       |     2 |       ||     2
       Gell's Gravitas   |       |     2 |       ||     2
       Lesser Beckoning  |       |     1 |       ||     1
       Ignite Poison     |       |       |     2 ||     2
Evoke: Wand              |       |       |     4 ||     4
  Use: Scroll            |       |     2 |     2 ||     4
 Stab: Sleeping          |       |     2 |       ||     2
Armor: Leather armour    |    10 |    44 |     6 ||    60
Dodge: Dodged            |    27 |    99 |    22 ||   148
       Rpst.: Falchion   |    11 |    19 |       ||    30
